 Dungeon Crawl Stone Soup version bcrawl-1.12-8-g964540c432 (webtiles) character file.

Game seed: 9315690686011927142

258 Gumption the Magician (level 6, -3/36 HPs)
             Began as a Fairy Wizard on June 2, 2019.
             Slain by a river rat (8 damage)
             ... in a sewer.
             The game lasted 00:19:10 (2487 turns).

Gumption the Magician (Fairy Wizard)                Turns: 2487, Time: 00:19:11

Health: -3/36      AC:  6    Str:  5    XL:     6   Next: 16%
Magic:  15/16      EV: 17    Int: 23    God:
Gold:   175        SH:  5    Dex: 11    Spells: 4/16 levels left

rFire    . . .     SeeInvis .   a - +0 short sword
rCold    . . .     Gourm    .   (shield restricted)
rNeg     . . .     Faith    .   (armour unavailable)
rPois    .         Spirit   .   l - +0 helmet
rElec    .         Reflect  .   (no cloak)
rCorr    .         Harm     .   (no gloves)
MR       .....                  (no boots)
Stlth    +.........             (no amulet)
HPRegen  0.12/turn              (no ring)
MPRegen  0.15/turn              (no ring)

@: flying evasively, very slightly contaminated
A: small, magic attunement, unstealthy, unfitting armour, able to fly, AC/SH +5
a: Stop Flying


You were in a sewer.
You were hungry.

You visited 1 branch of the dungeon, and saw 3 of its levels.
You also visited: Sewer.

You collected 175 gold pieces.

Inventory:

Hand Weapons
 a - a +0 short sword (weapon)
Missiles
 b - 57 tomahawks
 k - a throwing net (quivered) {!f}
Armour
 l - a +0 helmet (worn)
Jewellery
 e - a cursed -4 ring of evasion {unknown}
 i - an uncursed amulet of magic regeneration {unknown}
Scrolls
 d - 3 scrolls of teleportation
 g - a scroll of amnesia {unknown}
 m - a scroll of remove curse {unknown}
 n - a scroll of fear {unknown}
 o - 2 scrolls of magic mapping {unknown}
Potions
 f - 2 potions of might {unknown}
 j - a potion of lignification {unknown}
Comestibles
 c - 3 rations {!d}
 h - 7 chunks of flesh


   Skills:
 + Level 4.1 Dodging
 - Level 1.5 Stealth
 * Level 5.8 Spellcasting
 - Level 3.0 Conjurations
 * Level 2.6 Summonings
 - Level 1.0 Translocations
 + Level 1.5 Air Magic
 + Level 1.7 Poison Magic


You had 4 spell levels left.
You knew the following spells:

 Your Spells              Type           Power        Failure   Level  Hunger
a - Magic Dart            Conj           ###.         2%          1    None
b - Call Imp              Summ           ###.....     4%          2    None
c - Slow                  Hex            #.......     9%          1    None
d - Blink                 Tloc           N/A          9%          2    None
e - Mephitic Cloud        Conj/Pois/Air  ###.....     11%         3    None
f - Conjure Flame         Conj/Fire      ##......     14%         3    None

Your spell library contained the following spells:

 Spells                   Type           Power        Failure   Level  Hunger


Dungeon Overview and Level Annotations

Branches:
Dungeon (3/12)

Altars:
Ru

Annotations:
D:3 3 runed translucent doors, Thantalas's ghost, amateur GrFi


Innate Abilities, Weirdness & Mutations

Your spells do not cause hunger and MP costs are reduced by 1.
Your bright wings attract enemies. (Stealth-)
You cannot fit into any form of body armour.
Your shimmering scales are hard and can block incoming attacks. (AC +5, SH +5)
You are small and have problems with some larger weapons.
You can fly continuously.


Message History

The magic dart hits the river rat.
The river rat closely misses you.
Casting: Magic Dart (safe; 2% risk of failure)
Confirm with . or Enter, or press ? or * to list all spells.
Aiming: Magic Dart (safe; 2% risk of failure)
Press: ? - help, Shift-Dir - straight line, f/p - river rat
Aim: a river rat The magic dart hits the river rat.
The river rat is heavily wounded.
The river rat closely misses you.
Casting: Magic Dart (safe; 2% risk of failure)
Confirm with . or Enter, or press ? or * to list all spells.
Aiming: Magic Dart (safe; 2% risk of failure)
Press: ? - help, Shift-Dir - straight line, f/p - river rat
Aim: a river rat (heavily wounded)
You miscast Magic Dart.
You are very lightly contaminated with residual magic.
Nothing appears to happen.
Your shadow imp closely misses the river rat.
The river rat bites you!
You die...

#≈≈≈÷≈≈# #≈≈≈≈≈≈#
#≈≈≈≈≈≈# #≈≈≈≈≈≈#
#≈≈≈≈≈≈# #≈≈≈≈≈≈#
#≈≈≈≈≈≈# #≈≈≈≈≈≈#
#≈≈≈≈÷≈# #####≈≈≈≈≈≈#
#..≈÷÷.# #..###5.≈≈.#
#....÷÷###..##......#
##......##'##......##
#.......#.@r5.....#
##...............##
##.............##
######...###### #####


You could see a river rat, a friendly crimson imp and a friendly shadow imp.

Vanquished Creatures
  An orc wizard (D:3)
  A worker ant (D:3)
  5 adders
  5 river rats (Sewer)
  4 worms
  2 dart slugs
  2 leopard geckos
  6 orcs (D:3)
  3 ball pythons
  11 goblins
  5 hobgoblins
  10 jackals
  2 quokkas (D:3)
  3 bats
  4 frilled lizards
  4 kobolds
  22 rats
90 creatures vanquished.

Vanquished Creatures (collateral kills)
  Robin (D:2)
  A river rat (Sewer)
  A goblin (D:2)
3 creatures vanquished.

Grand Total: 93 creatures vanquished

Notes
Turn   | Place    | Note
-------+----------+-------------------------------------------
     0 | D:1      | Gumption the Fairy Wizard began the quest for the Orb.
     0 | D:1      | Reached XP level 1. HP: 11/11 MP: 7/7
   123 | D:1      | Reached XP level 2. HP: 17/17 MP: 9/9
   482 | D:1      | Learned a level 2 spell: Call Imp
   484 | D:1      | Learned a level 1 spell: Slow
   487 | D:1      | Learned a level 2 spell: Blink
   535 | D:1      | Reached XP level 3. HP: 21/21 MP: 11/11
   540 | D:1      | Learned a level 3 spell: Mephitic Cloud
   905 | D:2      | Noticed Robin
  1095 | D:2      | Killed Robin
  1095 | D:2      | Reached XP level 4. HP: 24/27 MP: 10/12
  1132 | D:2      | Found a sacrificial altar of Ru.
  1273 | D:2      | Reached skill level 5 in Spellcasting
  1750 | D:2      | Learned a level 3 spell: Conjure Flame
  1861 | D:3      | Found a runed translucent gate.
  1861 | D:3      | Found a runed translucent gate.
  1861 | D:3      | Found a runed translucent gate.
  1883 | D:3      | Reached XP level 5. HP: 31/31 MP: 14/14
  1943 | D:3      | Reached skill level 1 in Poison Magic
  1969 | D:3      | Noticed Thantalas's ghost (amateur GrFi)
  1987 | D:3      | Found a glowing drain.
  1997 | D:3      | Reached skill level 1 in Air Magic
  2008 | Sewer    | Entered a sewer
  2398 | Sewer    | Reached XP level 6. HP: 35/36 MP: 16/16
  2487 | Sewer    | Slain by a river rat

Skill      XL: |  1  2  3  4  5 |
---------------+----------------+-----
Dodging        | 3 4 |  4.1
Conjurations   | 2 3 |  3.0
Spellcasting   | 5 |  5.8
Summonings     | 2 |  2.6
Poison Magic   | 1 |  1.7
Air Magic      | 1 |  1.5
Stealth        | |  1.5
Translocations | |  1.0

Action                   |  1- 3 |  4- 6 || total
-------------------------+-------+-------++-------
Melee: Short sword       |     5 |       ||     5
 Cast: Magic Dart        |    98 |   153 ||   251
       Call Imp          |     6 |     2 ||     8
       Mephitic Cloud    |     1 |       ||     1
  Use: Scroll            |     2 |       ||     2
  Eat: Chunk             |       |     4 ||     4
Armor: Skin              |     8 |     6 ||    14
Dodge: Dodged            |    24 |    54 ||    78
Block: Other             |    12 |    15 ||    27
